 Dungeon Crawl Stone Soup version 0.26-a0-1161-g0398aca569 (webtiles) character file.

Game seed: 7198128581064297632

491 Alado the Skirmisher (level 6, -1/53 HPs)
             Began as a Draconian Abyssal Knight on Dec 11, 2020.
             Was a Believer of Lugonu.
             Slain by a centaur (10 damage)
             ... on level 5 of the Dungeon on Dec 26, 2020.
             The game lasted 00:30:19 (4645 turns).

Alado the Skirmisher (Draconian Abyssal Knight)     Turns: 4645, Time: 00:30:20

Health: -1/53      AC:  6    Str: 14 (16) XL:     6   Next: 91%
Magic:  7/7        EV: 13    Int: 13 (14) God:    Lugonu [**....]
Gold:   205        SH:  0    Dex: 10 (11) Spells: 5/5 levels left

rFire    . . .     SeeInvis .   d - +4 scythe (vamp)
rCold    . . .     Faith    .   (shield currently unavailable)
rNeg     . . .     Spirit   .   (armour unavailable)
rPois    .         Reflect  .   (helmet restricted)
rElec    .         Harm     .   (no cloak)
rCorr    .         Rampage  .   (no gloves)
Will     .....                  (no boots)
Stlth    +.........             (no amulet)
HPRegen  0.17/turn              h - ring of flight
MPRegen  0.10/turn              (no ring)

@: no status effects
A: unfitting armour, clever 1, evolution 1, cold-blooded, subdued magic 1, AC +6
a: Renounce Religion, Evoke Flight, Depart the Abyss, Bend Space


You were on level 5 of the Dungeon.
You worshipped Lugonu.
Lugonu was pleased with you.
You visited 1 branch of the dungeon, and saw 5 of its levels.
You visited the Abyss 1 time.

You collected 205 gold pieces.

Inventory:

Hand Weapons
 d - a +4 vampiric scythe (weapon)
 f - a cursed +0 trident
Missiles
 b - 23 poisoned darts (quivered)
Jewellery
 h - a ring of flight (left hand)
 i - the ring "Vuwaaqox" {Will- Str+2 Int+4 Stlth-, unknown}
   (You found it on level 5 of the Dungeon)

   [ring of attention]

   It affects your strength (+2).
   It affects your intelligence (+4).
   It affects your willpower, your defense against some magical effects.
   It makes you less stealthy.
Scrolls
 c - a scroll of magic mapping
 e - 2 scrolls of teleportation
 g - a scroll of blinking
Potions
 a - a potion of curing


   Skills:
 + Level 4.6 Fighting
 + Level 4.4 Polearms
 + Level 3.2 Throwing
 + Level 3.4 Dodging
 + Level 1.2 Stealth
 + Level 2.2 Invocations


You had 5 spell levels left.
You didn't know any spells.
Your spell library was empty.

Dungeon Overview and Level Annotations

Branches:
Dungeon (5/15)
 Temple: D:4-7

Altars:
Qazlal

Shops:
D:5 *


Innate Abilities, Weirdness & Mutations

Your plain brown scales are hard. (AC +6)
You cannot fit into any form of body armour.
You are cold-blooded and may be slowed by cold attacks.
Your mind is acute. (Int +2)
You evolve.
Your spells are a little easier to cast, but a little less powerful.


Message History

You throw a poisoned dart.
The poisoned dart barely misses the centaur.
The centaur unwields a +0 shortbow.
The centaur misses you.
You see here an arrow.
You barely miss the centaur.
The centaur hits you but does no damage.
The centaur misses you. The centaur barely misses you.
You hit the centaur.
You feel better.
Your tail-slap misses the centaur.
The centaur is moderately wounded.
The centaur hits you. x2
You barely miss the centaur.
The centaur is moderately wounded.
The centaur barely misses you. The centaur hits you. The centaur hits you!
* * * LOW HITPOINT WARNING * * *
You slash the centaur!
You feel better.
The centaur is heavily wounded.
The centaur hits you.
* * * LOW HITPOINT WARNING * * *
The centaur hits you!
You die...

...........###....... ...........
.###.... .........###.≈.....
#........#..≈.....
#.........#.≈.....
#.....(....#≈#.... ###..(......#
#.... ###(#c.###....# #....
#.....#≈#...@(.##.....###.#..
####......≈................##...
##.##......≈.####.....(.....##...
#..........≈. ##...............
..........########.<.............
##.....##....#.#.............#...
#.........##...........##...###.#
.........#####.........##........
...###....###.........###.......#


You could see a centaur.

Vanquished Creatures
  Sigmund (D:2)
  A sky beast (D:5)
  An orc priest (D:5)
  2 orc wizards
  A hound skeleton (D:4)
  4 adders
  2 oozes (D:3)
  An adder skeleton (D:5)
  A worm (D:4)
  3 dart slugs
  9 orcs
  10 bats
  10 giant cockroaches
  5 goblins
  12 hobgoblins
  6 jackals
  3 quokkas
  A ball python (D:3)
  4 frilled lizards
  A jackal skeleton (D:5)
  8 kobolds
  3 rats
89 creatures vanquished.

Vanquished Creatures (others)
  2 plants (D:1)
2 creatures vanquished.

Grand Total: 91 creatures vanquished

Notes
Turn   | Place    | Note
-------+----------+-------------------------------------------
     0 | Abyss:1  | Alado the Draconian Abyssal Knight began the quest for the
                  | Orb.
     0 | Abyss:1  | Reached XP level 1. HP: 19/19 MP: 2/2
     0 | D:1      | Escaped the Abyss
   132 | D:1      | Reached * piety under Lugonu
   162 | D:1      | Reached XP level 2. HP: 26/26 MP: 3/3
   943 | D:2      | Reached XP level 3. HP: 31/33 MP: 4/4
  1271 | D:2      | Upgraded the game from 0.26-a0-1038-gfb849e850a to
                  | 0.26-a0-1120-ga1b6d6fda9
  1508 | D:2      | Found a stormy altar of Qazlal.
  1754 | D:2      | Noticed Sigmund
  1781 | D:2      | Killed Sigmund
  1782 | D:2      | Reached XP level 4. HP: 4/40 MP: 5/5
  1782 | D:2      | Reached XP level 5. HP: 5/46 MP: 6/6
  2101 | D:2      | Upgraded the game from 0.26-a0-1120-ga1b6d6fda9 to
                  | 0.26-a0-1131-g5f66e2dd50
  2519 | D:3      | Reached ** piety under Lugonu
  2641 | D:3      | Reached skill level 1 in Stealth
  2787 | D:3      | Reached XP level 6. HP: 53/53 MP: 7/7
  3130 | D:3      | Upgraded the game from 0.26-a0-1131-g5f66e2dd50 to
                  | 0.26-a0-1161-g0398aca569
  3521 | D:4      | Gained mutation: Your spells are a little easier to cast,
                  | but a little less powerful. [potion of mutation]
  3521 | D:4      | Gained mutation: Your mind is acute. (Int +2) [potion of
                  | mutation]
  3521 | D:4      | Gained mutation: You evolve. [potion of mutation]
  3945 | D:5      | Entered Level 5 of the Dungeon
  4006 | D:5      | Got a glittering copper ring
  4089 | D:5      | Found Izooradghup's Assorted Antiques.
  4091 | D:5      | Noticed a sky beast
  4125 | D:5      | Killed a sky beast
  4645 | D:5      | Slain by a centaur

Illustrated notes

Levels and vault maps discovered:
D:1:      nicolae_arrival_washed_ashore, layout_basic, serial_bayou_lake_a
D:2:      layout_basic, nicolae_qazlal_eye_of_the_storm, minivault_27,
          uniq_sigmund
D:3:      layout_basic
D:4:      layout_loops_cross
D:5:      layout_cave_pools, serial_rivers, chequers_serial_rivers_marsh,
          chequers_serial_rivers_small_b, chequers_serial_rivers_micro_b,
          chequers_serial_rivers_micro_b, chequers_serial_rivers_micro_e,
          chequers_serial_rivers_small_3, serial_shops, shop

Skill      XL: |  1  2  3  4  5  6 |
---------------+-------------------+-----
Fighting       | 4 |  4.6
Polearms       | 3 4 |  4.4
Throwing       | 2 3 |  3.2
Dodging        | 3 |  3.4
Stealth        | 1 |  1.2
Invocations    | |  2.2

Action                   |  1- 3 |  4- 6 || total
-------------------------+-------+-------++-------
Melee: Spear             |   110 |     4 ||   114
       Tailslap          |     9 |     9 ||    18
       Scythe            |       |   116 ||   116
Throw: Dart              |    51 |    44 ||    95
Invok: Depart the Abyss  |     1 |       ||     1
       Bend Space        |       |     1 ||     1
  Use: Scroll            |     3 |     9 ||    12
       Potion            |     2 |     4 ||     6
 Stab: Sleeping          |       |     3 ||     3
Armor: Skin              |    19 |    45 ||    64
Dodge: Dodged            |    47 |    99 ||   146

Table legend: (Time is in decaauts)
 A = Elapsed time spent in this place.
 B = Non-inter-level travel time spent in this place.
 C = Inter-level travel time spent in this place.
 D = Time resting spent in this place.
 E = Time spent auto-exploring this place.
 F = Levels seen in this place.
 G = Mean time per level.
                   A        B        C        D        E       F      G
               +--------+--------+--------+--------+--------+-----+--------+
         Total |   4769 |   4544 |    225 |    686 |   3138 |   6 |  794.8 |
       Dungeon |   4769 |   4544 |    225 |    686 |   3138 |   5 |  953.8 |
         Abyss |      0 |      0 |      0 |      0 |      0 |   1 |    0.0 |
               +--------+--------+--------+--------+--------+-----+--------+

Top non-repeatable levels by time:
     D:2: 1430 daAuts
     D:1: 945 daAuts
     D:3: 881 daAuts
     D:4: 788 daAuts
     D:5: 724 daAuts
